Map: World of Sleepers LE

Players

goblin - Winner!

  • Race: Protoss Protoss
  • Spawn Location: 7:00

TheMusZero

  • Race: Protoss Protoss
  • League: Grandmaster
  • Spawn Location: 1:00

Event: NationWars 2019

VOD

Have the link to the VOD?

Description

Time

  • Played on: Nov. 14, 2019, 2:20 p.m.
  • Length: 3:25
Show
View Real Time Build Order
Export as new Build Order

goblin Protoss - Winner!

Build Orders:  

Get SALT Encoding   

  12  0:10  Pylon  
  12  0:12  Probe  
  13  0:28  Gateway  
  13  0:30  Probe (Chrono Boost)  
  14  0:41  Probe (Chrono Boost), Assimilator  
  15  0:45  Probe (Chrono Boost)  
  16  0:56  Probe  
  17  1:14  Zealot (Chrono Boost)  
  19  1:19  Cybernetics Core  
  19  1:21  Probe  
  20  1:43  Probe  
  20  2:05  Stalker  
  22  2:27  Pylon  
  22  2:45  Stalker (Chrono Boost)  
  24  2:52  Pylon  
  24  2:57  Probe  
  25  3:08  Assimilator  
Show
View Real Time Build Order
Export as new Build Order

TheMusZero Protoss 

Build Orders:  

Get SALT Encoding   

  12  0:00  Probe (Chrono Boost)  
  13  0:10  Probe (Chrono Boost)  
  14  0:17  Pylon  
  14  0:20  Probe  
  16  0:35  Probe  
  16  0:38  Forge  
  16  0:58  Pylon  
  16  1:00  Pylon  
  16  1:07  Pylon  
  16  1:17  Photon Cannon  
  16  1:18  Pylon  
  16  1:31  Pylon  
  16  1:36  Pylon  
  16  1:45  Photon Cannon  
  16  1:59  Pylon  
  16  2:10  Probe  
  16  2:21  Photon Cannon  
  17  2:25  Gateway  
  17  2:27  Pylon  
  16  2:37  Probe  
  17  2:49  Probe  
  17  2:50  Assimilator  
  17  2:54  Assimilator  
  17  2:59  Photon Cannon x2  
  17  3:04  Pylon  
  17  3:07  Probe  
  18  3:15  Gateway  
Tags
 
Add a new tag
Caveats
  • Supply blocks, unpowered buildings, or Contaminate may cause inaccurate times.
  • Supply counts are checked every 10 seconds.